 Dungeon Crawl Stone Soup version 0.30.1-11-g7821555f0a (webtiles) character file.

Game seed: 11685254065813839499

153 BabyfaceFinlayson the Trooper (level 5, -4/70 HPs)
             Began as a Minotaur Berserker on Dec 25, 2023.
             Was a Believer of Trog.
             Slain by an iguana (6 damage)
             ... on level 3 of the Dungeon.
             The game lasted 00:04:56 (1849 turns).

BabyfaceFinlayson the Trooper (Minotaur Berserker)  Turns: 1849, Time: 00:04:58

Health: -4/70      AC:  9    Str: 21    XL:     5   Next: 12%
Magic:  4/4        EV:  6    Int:  6    God:    Trog [**....]
Gold:   138        SH:  0    Dex: 10    Spells: 4/4 levels left

rFire   . . .        a - +0 spear
rCold   . . .        (no shield)
rNeg    . . .        d - +0 chain mail
rPois   .            (helmet restricted)
rElec   .            (no cloak)
rCorr   .            (no gloves)
SInv    .            (no boots)
Will    .....        (no amulet) Stlth
                     (no ring)
HPRegen 0.31/turn    (no ring)
MPRegen 0.09/turn

%: no passive effects
@: berserking, constricted, very quick
A: horns 2, retaliatory headbutt
a: Renounce Religion, Berserk, Trog's Hand


You were on level 3 of the Dungeon.
You worshipped Trog.
Trog was pleased with you.
You visited 1 branch of the dungeon, and saw 4 of its levels.

You collected 138 gold pieces.

Inventory:

Hand Weapons
 a - a +0 spear (weapon)
Armour
 b - a +0 animal skin
 d - a +0 chain mail (worn)
Jewellery
 k - a ring of fire
 n - a ring of willpower
Scrolls
 c - 2 scrolls of butterflies
Potions
 e - 3 potions of curing
 g - a potion of attraction
 h - a potion of heal wounds {unknown}
 i - a potion of invisibility {unknown}
 j - 2 potions of mutation {unknown}
 l - a potion of haste {unknown}


   Skills:
 + Level 4.7 Fighting
 + Level 4.5 Polearms
 + Level 4.5 Armour
 + Level 2.8 Dodging
 + Level 0.3 Stealth


You had 4 spell levels left.
You didn't know any spells.
Your spell library was empty.

Dungeon Overview and Level Annotations

Branches:
Dungeon (4/15)
 Temple: D:4-7

Altars:
Trog
Yredelemnul

Shops:
D:1 [![


Innate Abilities, Weirdness & Mutations

You have a pair of horns on your head.
You reflexively headbutt those who attack you in melee.


Message History

The ball python constricts you.
You hit the iguana but do no damage.
You headbutt the iguana, but do no damage.
The iguana is almost dead.
The iguana bites you!
The ball python bites you but does no damage.
The ball python constricts you.
You hit the iguana but do no damage.
The iguana is almost dead.
The iguana bites you but does no damage.
The ball python bites you. The ball python constricts you.
The dart slug launches a dart at you.
The slug dart hits you but does no damage.
You hit the iguana but do no damage.
The iguana is almost dead.
The iguana bites you.
The ball python bites you but does no damage.
The ball python constricts you.
You closely miss the iguana.
The iguana is almost dead.
The iguana bites you!
* * * LOW HITPOINT WARNING * * *
The dart slug bites you but does no damage.
The ball python bites you but does no damage.
The ball python constricts you.
* * * LOW HITPOINT WARNING * * *
You feel better.
The ball python bites you but does no damage.
The ball python constricts you.
* * * LOW HITPOINT WARNING * * *
The iguana bites you!
* * * LOW HITPOINT WARNING * * *
The dart slug bites you but does no damage.
A red film seems to cover your vision as you go berserk!
You feel yourself moving faster!
You feel mighty!
The ball python bites you but does no damage.
The ball python constricts you.
* * * LOW HITPOINT WARNING * * *
The iguana bites you.
You die...

.........#..........#
......._.#..##...####
.........#..##...#########
......####..##............
...........)##............
#####.......##..........#.
.......#######..........#
.......# #####..........#
........ .......@.>.......
...............Slw.#######
#######...#........... #
.....##.#........ # .##.)
#.#........ ## #
#......?... .## #
......... ..# .........
..#


You could see an iguana, a dart slug and a ball python.

Vanquished Creatures
  An orc priest (D:4)
  An orc wizard (D:3)
  3 gnolls (D:3)
  2 adders (D:2)
  3 worms
  An orc (D:3)
  6 endoplasms
  A giant cockroach (D:1)
  2 goblins
  4 hobgoblins
  4 jackals (D:2)
  A kobold (D:2)
  7 ball pythons
  4 bats
  2 frilled lizards (D:1)
  6 rats
48 creatures vanquished.

Notes
Turn   | Place    | Note
-------+----------+-------------------------------------------
     0 | D:1      | BabyfaceFinlayson the Minotaur Berserker began the quest
                  | for the Orb.
     0 | D:1      | Reached XP level 1. HP: 19/19 MP: 0/0
    56 | D:1      | Found Peaq's Armour Shoppe.
   101 | D:1      | Found Uliafuoc's Distillery.
   203 | D:1      | Found Raollit's Antique Armour Shoppe.
   247 | D:1      | Reached XP level 2. HP: 25/27 MP: 1/1
   939 | D:2      | Reached ** piety under Trog
   940 | D:2      | Reached XP level 3. HP: 27/33 MP: 2/2
  1615 | D:3      | Noticed a moth of wrath
  1631 | D:4      | Reached XP level 4. HP: 38/41 MP: 3/3
  1684 | D:3      | Found a bloodstained altar of Trog.
  1760 | D:3      | Found a basalt altar of Yredelemnul.
  1788 | D:3      | Reached XP level 5. HP: 47/47 MP: 4/4
  1848 | D:3      | HP: 1/47 [iguana (9)]
  1849 | D:3      | Slain by an iguana

Illustrated notes

Levels and vault maps discovered:
D:1:      heliophobic_arrival_ceremonial_halls, layout_basic, serial_shops,
          shop, shop, nicolae_shop_real_fake_doors, nicolae_wormholes
D:2:      layout_loops_ring
D:3:      layout_rooms, tgw_trog, lemuel_round_altar,
          mainiacjoe_overflow_chevrons, uniq_sigmund
D:4:      layout_loops_corners, mainiacjoe_overflow_tiny_flanked,
          minmay_temple_entry_slanted, serial_shops,
          nicolae_shop_window_shopping, ebering_ghost_sewer_d

Skill      XL: |  1  2  3  4 |
---------------+-------------+-----
Fighting       | 4 |  4.7
Polearms       | 4 |  4.5
Armour         | 3 4 |  4.5
Dodging        | |  2.8
Stealth        | |  0.3

Action                     |  1- 3 |  4- 6 || total
---------------------------+-------+-------++-------
  Melee: Spear             |    82 |    47 ||   129
         Headbutt          |    11 |    14 ||    25
         Punch             |       |     1 ||     1
 Invoke: Berserk           |       |     1 ||     1
    Use: Scroll            |     7 |       ||     7
         Potion            |       |     1 ||     1
 Armour: Chain mail        |    49 |    28 ||    77
         Animal skin       |     1 |       ||     1
  Dodge: Dodged            |    52 |    19 ||    71
